 Dungeon Crawl Stone Soup version 0.30-a0-972-gf3ab3527aa (webtiles) character file.

Game seed: 11177258160686588610

195049 Pooter the Warrior (level 18, -1/178 HPs)
             Began as a Minotaur Berserker on Mar 30, 2023.
             Was a High Priest of Trog.
             Slain by a ghoul (10 damage)
             ... on level 2 of the Swamp on Apr 1, 2023.
             The game lasted 03:32:54 (43571 turns).

Pooter the Warrior (Minotaur Berserker)            Turns: 43571, Time: 03:32:55

Health: -1/178     AC: 20    Str: 32    XL:     18   Next: 11%
Magic:  17/17      EV: 13    Int:  6    God:    Trog [*****.]
Gold:   423        SH:  5    Dex: 12    Spells: 17/17 levels left

rFire   + + +      SeeInvis .    a - +3 battleaxe (heavy)
rCold   . . .      Faith    .    (shield currently unavailable)
rNeg    + . .      Spirit   .    Z - +1 plate armour "Ruacla" {rPois}
rPois   +          Reflect  +    (helmet unavailable)
rElec   .          Rampage  .    y - scarf {rC+ rF+}
rCorr   .                        G - +2 pair of gloves of the Imp {rN+ Slay+3}
Will    +++..                    Y - +0 pair of boots {Fly} Stlth
                                 P - amulet of reflection
HPRegen 1.49/turn                X - +6 ring of strength
MPRegen 0.15/turn                B - ring "Voirph" {Fire Slay+3}

@: strong-willed, flying, regenerating
A: horns 3, retaliatory headbutt, fire resistance 1
a: Renounce Religion, Berserk, Trog's Hand, Brothers in Arms


You were on level 2 of the Swamp.
You worshipped Trog.
Trog was extremely pleased with you.
You visited 5 branches of the dungeon, and saw 27 of its levels.
You also visited: Bailey and Gauntlet.

You collected 3727 gold pieces.
You spent 3304 gold pieces at shops.

Inventory:

Hand Weapons
 a - a +3 heavy battleaxe (weapon)
   (You bought it in a shop on level 2 of the Orcish Mines)
 b - the +8 arbalest of the Establishment {heavy, rF+ rCorr Int+4}
   (You bought it in a shop on level 2 of the Orcish Mines)

   Int:       It affects your intelligence (+4).
   rF:        It protects you from fire.
   rCorr:     It protects you from acid and corrosion.
 g - the +5 battleaxe of Defence {elec, rCorr}
   (You found it on level 1 of the Swamp)

   rCorr:     It protects you from acid and corrosion.
 s - a +4 executioner's axe of flaming
   (Trog gifted it to you on level 2 of the Elven Halls)
 C - a +8 antimagic broad axe
   (Trog gifted it to you on level 5 of the Lair of Beasts)
 U - a +2 war axe of holy wrath
   (You took it off an orc knight on level 2 of the Orcish Mines)
Missiles
 c - 11 boomerangs (quivered)
 n - 7 silver boomerangs
 p - 5 curare-tipped darts
 V - 11 silver javelins
Armour
 e - a +1 pair of boots of stealth
   (You found it in a Gauntlet)
 y - a scarf of resistance (worn)
   (You bought it in a shop on level 12 of the Dungeon)
 G - the +2 pair of gloves of the Imp (worn) {rN+ Slay+3}
   (You bought it in a shop on level 3 of the Elven Halls)

   Slay:      It affects your accuracy & damage with ranged weapons and melee
   (+3).
   rN:        It protects you from negative energy.
 H - a +2 pair of boots of rampaging
   (You found it in a bailey)
 O - +4 pearl dragon scales
   (You found it in a bailey)
 Y - a +0 pair of boots of flying (worn)
   (You found it on level 3 of the Elven Halls)
 Z - the +1 plate armour "Ruacla" (worn) {rPois}
   (You found it in a Gauntlet)

   rPois:     It protects you from poison.
Jewellery
 h - an amulet of regeneration
   (You bought it in a shop on level 12 of the Dungeon)
 B - the ring "Voirph" (right hand) {Fire Slay+3}
   (You took it off a yaktaur on level 10 of the Dungeon)

   [ring of fire]

   It enhances your fire magic.
   Slay:      It affects your accuracy & damage with ranged weapons and melee
   (+3).
   rF:        It protects you from fire.
   rC:        It makes you vulnerable to cold.
 E - the ring of Leaves {MP+9 Str+4 Stlth+}
   (You took it off a gnoll sergeant on level 5 of the Dungeon)

   [ring of magical power]

   Str:       It affects your strength (+4).
   MP:        It affects your magic capacity (+9).
   Stlth:     It makes you more stealthy.
 F - a ring of protection from fire
   (You found it in a Gauntlet)
 I - a ring of protection from cold
   (You took it off a deep elf archer on level 2 of the Elven Halls)
 P - an amulet of reflection (around neck)
   (You took it off a centaur warrior on level 11 of the Dungeon)
 S - a ring of see invisible
   (You bought it in a shop on level 7 of the Dungeon)
 X - a +6 ring of strength (left hand)
   (You took it off a tengu conjurer on level 11 of the Dungeon)
Wands
 f - a wand of flame (97)
   (You found it on level 5 of the Dungeon)
 u - a wand of paralysis (14)
   (You found it on level 9 of the Dungeon)
 v - a wand of polymorph (21)
   (You took it off Eustachio on level 5 of the Dungeon)
 x - a wand of acid (11)
   (You found it in a Gauntlet)
 J - a wand of roots (17)
   (You took it off Sigmund on level 6 of the Dungeon)
 M - a wand of mindburst (9)
   (You found it on level 1 of the Elven Halls)
Scrolls
 i - 16 scrolls of identify {@r1}
 q - 5 scrolls of silence
 r - a scroll of blinking
 t - 11 scrolls of teleportation {@r4}
 z - 10 scrolls of fear
 A - 3 scrolls of immolation {!r}
 K - 4 scrolls of fog
 T - 2 scrolls of poison {!r}
 W - a scroll of magic mapping
Potions
 d - 2 potions of might
 j - 3 potions of haste {@q3}
 k - 20 potions of curing {@q1}
 l - 8 potions of attraction {!q}
 o - 12 potions of heal wounds {@q2}
 w - 4 potions of mutation {!q}
 D - 3 potions of flight
 L - 3 potions of invisibility
 N - 2 potions of cancellation
Miscellaneous
 m - a condenser vane
   (You bought it in a shop on level 2 of the Orcish Mines)
 Q - a tin of tremorstones (2/2)
   (You found it on level 3 of the Elven Halls)
 R - a box of beasts
   (You found it on level 3 of the Elven Halls)


   Skills:
 + Level 19.9 Fighting
 * Level 18.9(20.1) Axes
 - Level 11.8(16.7) Maces & Flails
 - Level 18.0 Ranged Weapons
 + Level 9.9 Armour
 - Level 14.4 Dodging
 + Level 6.3 Stealth
 + Level 7.1 Evocations


You had 17 spell levels left.
You didn't know any spells.
Your spell library was empty.

Dungeon Overview and Level Annotations

Branches:
Dungeon (15/15)            Temple (0/1) D:4            Lair (5/5) D:11
  Swamp (2/4) Lair:3       Spider (0/4) Lair:3        Slime (0/5) Lair:4
    Orc (2/2) D:10            Elf (3/3) Orc:2        Vaults (0/5) D:14
 Depths (0/4) D:15         Bailey (visited)         Gauntlet (visited)

Altars:
Cheibriados
Elyvilon
Hepliaklqana
Kikubaaqudgha
Makhleb
Okawaru
Ru
Wu Jian

Shops:
D:7 =   D:9 :   D:12 *   Orc:2 (*=[   Elf:3 *[[(

Portals:
Trove: D:13 (give 3 potions of resistance)

Annotations:
D:4 1 runed translucent door, snackwell's ghost, amateur MeHu
D:7 1 runed translucent door
Elf:2 3 runed translucent doors


Innate Abilities, Weirdness & Mutations

You have a pair of large horns on your head.
You reflexively headbutt those who attack you in melee.
Your flesh is heat resistant. (rF+)


Message History

You destroy the will-o-the-wisp!
Trog accepts your kill.
You slash the foxfire! The spriggan rider barely misses you.
The spriggan rider hits you but does no damage.
You closely miss the spriggan rider. You headbutt the spriggan rider!!
You slash the ghoul!
The spriggan rider hits you with a +0 spear.
The ghoul claws you! The ghoul claws you.
* * * LOW HITPOINT WARNING * * *
The spriggan rider hits you with a +0 spear.
* * * LOW HITPOINT WARNING * * *
Unknown command.
Your skin crawls.
You feel strong-willed. The ghoul claws you.
* * * LOW HITPOINT WARNING * * *
The ghoul misses you.
The spriggan rider hits you with a +0 spear.
* * * LOW HITPOINT WARNING * * *
Unknown command.
You miss the spriggan rider.
You slice the ghoul like a ripe choko!!!
The ghoul claws you but does no damage. The ghoul claws you!
* * * LOW HITPOINT WARNING * * *
The spriggan rider hits you with a +0 spear!
* * * LOW HITPOINT WARNING * * *
Unknown command.
You barely miss the spriggan rider. You headbutt the spriggan rider!!
You slice the ghoul!! The ghoul claws you but does no damage.
The ghoul closely misses you. You block the spriggan rider's attack.
You slash the spriggan rider!
You kill the spriggan rider!
Trog accepts your kill.
You kill the hornet!
Trog accepts your kill.
You hear a splash.
You closely miss the ghoul. The ghoul claws you but does no damage.
You block the ghoul's attack.
Unknown command.
You hit the ghoul but do no damage. You headbutt the ghoul!
The ghoul claws you!
* * * LOW HITPOINT WARNING * * *
The ghoul claws you!!
* * * LOW HITPOINT WARNING * * *
You slice the ghoul!! The ghoul claws you!
* * * LOW HITPOINT WARNING * * *
The ghoul claws you!!
* * * LOW HITPOINT WARNING * * *
You closely miss the ghoul. You headbutt the ghoul! The ghoul claws you!
You die...

..~.~~~..♣♣
##...~...~~.♣♣♣ .
##....~<♣..~..~♣♣
..###+#.....§.♣.~..~~.♣
♣.........♣♣~ ♣.~~♣...♣♣
♣.....~..♣♣ ♣~~>♣♣.~~♣ ~
♣...~.~~♣ ♣.~.♣♣♣.~.
.~..♣.§n..~♣♣♣♣..~~♣♣♣.~
..§.~..@~[?..♣♣.♣.♣♣♣♣.♣
.~.§~....~.~.§~.♣.♣ ♣~♣♣
♣~..~~♣.~~♣..~.§♣♣♣ ♣~♣
♣♣♣♣~.~.~.~~...♣♣ ♣♣♣
♣~...§~~♣~...~♣
♣♣~~~~../♣♣.~..♣
♣..~..~...♣...♣♣
♣♣.♣[..~.♣♣♣.♣♣ .~♣ .~~


You could see a ghoul.

Vanquished Creatures
  A deep elf blademaster (Elf:3)
  3 deep elf master archers (Elf:3)
  Kirke (Lair:3)
  12 deep elf sorcerers
  An orc warlord (Orc:1)
  7 deep elf elementalists (Elf:3)
  2 ghouls (Swamp:2)
  4 deep elf demonologists
  2 eleionomae
  7 deep elf annihilators
  A minotaur (Gauntlet)
  A dire elephant (Lair:5)
  3 bunyips (Swamp:1)
  An ettin (Orc:2)
  5 deep elf death magi (Elf:3)
  The ghost of ragingrage the Slicer, a journeyman OpWr of Gozag (Lair:1)
  9 deep elf high priests (Elf:3)
  5 ogre magi
  4 hydras
  A vault guard (D:14)
  3 boulder beetles
  2 death knights (D:15)
  12 two-headed ogres
  3 centaur warriors
  10 dancing weapons
  An alligator (Swamp:1)
  10 death yaks
  2 orc high priests (Orc:2)
  A tengu warrior (D:15)
  A death scarab (Gauntlet)
  3 vampire magi (D:15)
  3 spriggans (Swamp:2)
  13 deep elf knights
  Sonja (D:13)
  Amaemon (Lair:1)
  2 skysharks
  3 skeletal warriors (D:15)
  A spark wasp zombie (D:15)
  A spriggan druid (Swamp:2)
  A goliath frog (Swamp:1)
  Pikel (D:5)
  3 swamp dragons (Swamp:2)
  2 wizards
  A bog body (Swamp:2)
  16 deep elf archers
  27 deep elf pyromancers
  2 phantasmal warriors (D:15)
  7 orc knights
  3 necromancers
  A fire giant zombie (D:15)
  3 orc sorcerers
  23 deep elf zephyrmancers
  4 lindwurms (Lair:5)
  A mana viper (shapeshifter) (D:11)
  6 cyclopes
  A frost giant zombie (D:15)
  An oklob plant (Lair:5)
  2 will-o-the-wisps
  8 ugly things
  3 manticores
  7 elephants
  2 black mambas (Lair:5)
  The ghost of cforsyth the Shield-Bearer, a novice FoFi (D:5)
  An orange demon (Lair:1)
  11 cane toads
  A gargoyle (Bailey)
  7 rime drakes
  2 unseen horrors
  A rime drake (shapeshifter) (D:15)
  7 komodo dragons
  A kobold demonologist (D:11)
  2 yaktaurs
  2 freezing wraiths (D:15)
  2 tengu conjurers
  10 polar bears
  3 meliai (Lair:5)
  8 trolls
  A queen bee (Lair:5)
  5 hornets
  A raiju (Gauntlet)
  5 tyrant leeches
  17 blink frogs
  5 dream sheep (Lair:3)
  5 flying skulls (Gauntlet)
  13 slime creatures
  2 air elementals
  3 water elementals
  Sigmund (D:6)
  2 fire elementals
  2 vampires
  2 shadows
  3 wraiths
  48 yaks
  Eustachio (D:5)
  7 wyverns
  10 basilisks
  6 hogs (Lair:3)
  A steam dragon (D:11)
  Grum (D:10)
  19 humans (D:14)
  8 vampire mosquitoes
  10 wargs
  3 swamp worms (Swamp:1)
  A spectral cane toad (Gauntlet)
  13 water moccasins
  2 acid dragons (D:11)
  17 hell hounds
  A glowing shapeshifter skeleton (D:15)
  A meliai simulacrum (D:14)
  31 orc warriors
  An ice beast (D:8)
  8 ogres
  13 black bears
  A sky beast (D:8)
  55 wolves
  13 centaurs
  2 phantoms (D:5)
  3 kobold brigands
  9 bullfrogs
  3 gnoll sergeants (D:5)
  4 earth elementals
  17 scorpions
  6 wights
  42 killer bees
  8 wolf zombies (Bailey)
  12 vampire bats
  2 howler monkeys
  A gnoll bouda (D:5)
  9 orc priests
  2 hounds
  3 jellies
  4 sleepcaps
  An iguana (D:4)
  21 orc wizards
  11 hell rats (D:14)
  A lightning spire (Gauntlet)
  13 gnolls
  6 adders
  A shadow imp (D:5)
  A white imp (D:8)
  3 worms
  A dart slug (D:3)
  57 orcs
  4 bats
  2 bat skeletons (D:3)
  4 bat zombies (D:3)
  6 endoplasms
  13 giant cockroaches
  9 goblins
  6 hobgoblins
  8 jackals
  3 quokkas
  6 ball pythons
  5 frilled lizards
  19 kobolds
  24 orc zombies (Bailey)
  4 rats
  A bush (Lair:1)
1023 creatures vanquished.

Vanquished Creatures (collateral kills)
  A deep elf demonologist (Elf:3)
  An orc knight (Orc:1)
  2 orc warriors (Orc:1)
  An ogre (Orc:1)
  A killer bee (Lair:5)
  An orc (Orc:1)
7 creatures vanquished.

Vanquished Creatures (others)
  A deep elf knight (Elf:1)
  A wizard (D:15)
  An orc (D:11)
  A bush (Lair:1)
  4 foxfires (Swamp:2)
  48 fungi
  81 plants
  9 withered plants (D:15)
146 creatures vanquished.

Grand Total: 1176 creatures vanquished

Notes
Turn   | Place    | Note
-------+----------+-------------------------------------------
     0 | D:1      | Pooter the Minotaur Berserker began the quest for the Orb.
     0 | D:1      | Reached XP level 1. HP: 19/19 MP: 0/0
   114 | D:1      | Reached XP level 2. HP: 21/27 MP: 1/1
   145 | D:1      | Reached skill level 4 in Fighting
   198 | D:1      | Reached skill level 1 in Stealth
   646 | D:2      | Reached XP level 3. HP: 27/33 MP: 2/2
   700 | D:2      | Reached ** piety under Trog
  1636 | D:3      | Found a faded altar of an unknown god.
  1758 | D:3      | Reached XP level 4. HP: 41/41 MP: 3/3
  1800 | D:3      | Reached skill level 1 in Maces & Flails
  1903 | D:3      | Found an ancient bone altar of Kikubaaqudgha.
  1915 | D:3      | Reached XP level 5. HP: 46/47 MP: 4/4
  2189 | D:4      | Reached skill level 5 in Axes
  2223 | D:4      | Reached skill level 5 in Fighting
  2227 | D:4      | Reached *** piety under Trog
  2228 | D:4      | Reached XP level 6. HP: 56/56 MP: 5/5
  2273 | D:4      | Reached skill level 1 in Ranged Weapons
  2314 | D:4      | Found a staircase to the Ecumenical Temple.
  2390 | D:4      | Found a runed translucent door.
  2396 | D:4      | Noticed snackwell's ghost (amateur MeHu)
  2854 | D:5      | Entered Level 5 of the Dungeon
  2877 | D:5      | Noticed Eustachio
  2888 | D:5      | Killed Eustachio
  2889 | D:5      | Reached XP level 7. HP: 55/61 MP: 6/6
  2932 | D:5      | Identified the +7 spear "Qufuxujyo" {heavy, *Rage rElec
                  | Dex+7 Stlth-}
  2970 | D:5      | Noticed Pikel
  2975 | D:5      | Killed Pikel
  2976 | D:5      | Reached skill level 6 in Fighting
  2976 | D:5      | Reached XP level 8. HP: 70/70 MP: 7/7
  3146 | D:5      | Found an ornate altar of the Wu Jian Council.
  3361 | D:5      | Reached skill level 5 in Ranged Weapons
  3385 | D:5      | Found a transporter.
  3385 | D:5      | Found a transporter.
  3473 | D:5      | Noticed cforsyth's ghost (novice FoFi)
  3475 | D:5      | Identified the ring of Leaves {MP+9 Str+4 Stlth+}
  3784 | D:5      | Killed cforsyth's ghost
  3785 | D:5      | Reached skill level 7 in Fighting
  3785 | D:5      | Reached XP level 9. HP: 32/79 MP: 8/8
  4501 | D:6      | Noticed Sigmund
  4507 | D:6      | Killed Sigmund
  4999 | D:7      | Found Uxzey's Jewellery Emporium.
  5003 | D:7      | Bought a ring of see invisible for 240 gold pieces
  5070 | D:7      | Found a flagged portal.
  5081 | Bailey   | Entered a bailey
  5191 | Bailey   | Reached **** piety under Trog
  5340 | Bailey   | Reached skill level 5 in Dodging
  5355 | Bailey   | Reached skill level 8 in Fighting
  5355 | Bailey   | Reached XP level 10. HP: 82/88 MP: 9/9
  5463 | Bailey   | Noticed a gargoyle
  5470 | Bailey   | Killed a gargoyle
  5533 | Bailey   | Identified the +0 chain mail "Hairiede" {Int+2}
  5722 | D:7      | Reached ***** piety under Trog
  6038 | D:7      | Found a runed translucent door.
  6047 | D:7      | Found a runed translucent door.
  6731 | D:8      | Found a white marble altar of Elyvilon.
  6758 | D:8      | Reached skill level 10 in Axes
  6910 | D:8      | Reached skill level 10 in Maces & Flails
  7217 | D:9      | Found Pesonlo's Book Shop.
  7239 | D:9      | Reached skill level 9 in Fighting
  7318 | D:9      | Reached XP level 11. HP: 89/97 MP: 10/10
  7572 | D:9      | Noticed a two-headed ogre
  7580 | D:9      | Noticed a two-headed ogre
  7584 | D:9      | Killed a two-headed ogre
  7590 | D:9      | Killed a two-headed ogre
  7591 | D:9      | Reached skill level 10 in Ranged Weapons
  8537 | D:10     | Entered Level 10 of the Dungeon
  8611 | D:10     | Found a staircase to the Orcish Mines.
  8724 | D:10     | Found a sacrificial altar of Ru.
  8755 | D:10     | Noticed Grum
  8760 | D:10     | Killed Grum
  8819 | D:10     | Found a snail-covered altar of Cheibriados.
  8858 | D:10     | Noticed a white ugly thing
  8875 | D:10     | Killed a white ugly thing
  9513 | D:11     | Noticed a two-headed ogre
  9513 | D:11     | Noticed a two-headed ogre
  9514 | D:11     | Noticed an ogre mage
  9529 | D:11     | Noticed a two-headed ogre
  9530 | D:11     | Killed a two-headed ogre
  9530 | D:11     | Noticed a two-headed ogre
  9531 | D:11     | Reached skill level 10 in Fighting
  9534 | D:11     | Killed a two-headed ogre
  9537 | D:11     | Killed an ogre mage
  9538 | D:11     | Reached XP level 12. HP: 95/106 MP: 11/11
  9540 | D:11     | Killed a two-headed ogre
  9548 | D:11     | Killed a two-headed ogre
  9660 | D:11     | Noticed a centaur warrior
  9662 | D:11     | Noticed an eight-headed hydra
  9664 | D:11     | Identified the +0 trident "Guugyudgh" {pain, rF+}
  9664 | D:11     | Identified the ring "Voirph" {Fire Slay+3}
  9721 | D:11     | Reached skill level 10 in Dodging
  9788 | D:11     | Found a gate leading to a gauntlet.
  9804 | Gauntlet | Entered a Gauntlet
  9804 | Gauntlet | Found a transporter.
  9815 | Gauntlet | Found a transporter.
  9829 | Gauntlet | Noticed a death scarab
  9851 | Gauntlet | Found a transporter.
  9851 | Gauntlet | Found a transporter.
  9858 | Gauntlet | Killed a death scarab
  9896 | Gauntlet | Found a transporter.
  9896 | Gauntlet | Found a transporter.
  9904 | Gauntlet | Identified the +1 plate armour "Ruacla" {rPois}
  9904 | Gauntlet | Noticed a ghost crab
  9930 | Gauntlet | Found a transporter.
  9953 | Gauntlet | Identified the staff of air "Zell" {rElec MP+9 Str+2
                  | Stlth+}
  9958 | Gauntlet | Found a transporter.
  9962 | Gauntlet | Noticed a two-headed ogre
  9964 | Gauntlet | Noticed an ice dragon
  9966 | Gauntlet | an ice dragon changed into a four-headed hydra
  9966 | Gauntlet | Noticed a four-headed hydra (glowing shapeshifter)
  9968 | Gauntlet | a four-headed hydra changed into an ice dragon
  9968 | Gauntlet | Noticed an ice dragon (glowing shapeshifter)
  9970 | Gauntlet | an ice dragon changed into a spark wasp
  9970 | Gauntlet | Noticed a spark wasp (glowing shapeshifter)
  9975 | Gauntlet | a spark wasp changed into a great orb of eyes
  9975 | Gauntlet | Noticed a great orb of eyes (glowing shapeshifter)
  9978 | Gauntlet | Found a transporter.
  9982 | Gauntlet | a great orb of eyes changed into a jorogumo
  9982 | Gauntlet | Noticed a jorogumo (glowing shapeshifter)
  9986 | Gauntlet | Found a transporter.
  9999 | Gauntlet | Noticed an anaconda
 10038 | Gauntlet | Noticed a minotaur
 10038 | Gauntlet | Found a transporter.
 10064 | Gauntlet | Killed a minotaur
 10098 | Gauntlet | Identified the +7 short sword "Minnadwa" {freeze, +Blink
                  | Str-2 Int+4}
 10160 | D:11     | Identified the +0 robe of the Cobbler {Str+4}
 10555 | D:10     | Killed a three-headed hydra
 10620 | D:11     | Killed a centaur warrior
 10638 | D:11     | Noticed a two-headed ogre
 10647 | D:11     | Killed a two-headed ogre
 10648 | D:11     | Reached skill level 11 in Fighting
 10717 | D:11     | Identified the +0 eveningstar of Dim Light {flame, *Corrode
                  | +Blink rF++}
 11465 | D:11     | Found a staircase to the Lair.
 11497 | Lair:1   | Entered Level 1 of the Lair of Beasts
 11640 | Lair:1   | Found a runed translucent door.
 11641 | Lair:1   | Noticed ragingrage's ghost (journeyman OpWr)
 11652 | Lair:1   | Killed ragingrage's ghost
 11653 | Lair:1   | Reached XP level 13. HP: 116/116 MP: 12/12
 12094 | Lair:1   | Noticed Amaemon
 12116 | Lair:1   | Killed Amaemon
 12811 | Lair:2   | Identified the +1 robe of Ryahaug {rF+ Str+3 SInv}
 13348 | Lair:2   | You fall into a shaft and drop 2 floors!
 13537 | Lair:3   | Reached skill level 15 in Axes
 13595 | Lair:3   | Reached skill level 12 in Fighting
 13604 | Lair:3   | Found a hole to the Spider Nest.
 13949 | Lair:3   | Noticed Kirke
 13976 | Lair:3   | Killed Kirke
 14754 | Lair:3   | Found a staircase to the Swamp.
 15205 | Lair:3   | Reached XP level 14. HP: 126/126 MP: 13/13
 15386 | Lair:4   | Found a staircase to the Slime Pits.
 15710 | Lair:4   | Found a hazy altar of Hepliaklqana.
 16355 | Lair:5   | Entered Level 5 of the Lair of Beasts
 16630 | Lair:5   | Reached skill level 15 in Ranged Weapons
 16642 | Lair:5   | Received a gift from Trog
 17040 | Lair:5   | Reached skill level 13 in Fighting
 17656 | Lair:5   | Reached skill level 1 in Evocations
 17910 | Lair:5   | Identified the +8 great mace "Xiti" {flame, Drain rF-
                  | Will+++ Dex+4} (Trog gifted it to you on level 5 of the
                  | Lair of Beasts)
 17910 | Lair:5   | Received a gift from Trog
 18997 | D:12     | Found Totodgh's Neck Hole.
 19003 | D:12     | Bought an amulet of regeneration for 450 gold pieces
 19003 | D:12     | Bought a scarf of resistance for 480 gold pieces
 19108 | D:12     | Reached XP level 15. HP: 132/136 MP: 4/14
 19439 | Orc:1    | Entered Level 1 of the Orcish Mines
 19524 | Orc:1    | Found a burning altar of Makhleb.
 20328 | Orc:2    | Entered Level 2 of the Orcish Mines
 20358 | Orc:2    | Reached skill level 5 in Armour
 23058 | Orc:2    | Found Buthal's Antique Armour Shoppe.
 23073 | Orc:2    | Bought a pair of runed gloves for 262 gold pieces
 23095 | Orc:2    | Found Dacs's Jewellery Boutique.
 23107 | Orc:2    | Found Xipudd's General Store.
 23115 | Orc:2    | Bought a condenser vane for 640 gold pieces
 23181 | Orc:2    | Found a staircase to the Elven Halls.
 23205 | Orc:2    | Found Widuq's Antique Weapon Boutique.
 23843 | D:13     | Found an iron altar of Okawaru.
 23983 | D:13     | Noticed Sonja
 23991 | D:13     | Killed Sonja
 23992 | D:13     | Reached skill level 14 in Fighting
 24188 | D:13     | Found a portal to a secret trove of treasure.
 24969 | Orc:2    | Bought a brightly glowing arbalest for 304 gold pieces
 24969 | Orc:2    | Identified the +8 arbalest of the Establishment {heavy, rF+
                  | rCorr Int+4} (You bought it in a shop on level 2 of the
                  | Orcish Mines)
 25493 | D:14     | Found a gate to the Vaults.
 26685 | D:15     | Entered Level 15 of the Dungeon
 28036 | D:15     | Reached skill level 15 in Fighting
 28037 | D:15     | Received a gift from Trog
 28077 | D:15     | Reached XP level 16. HP: 18/150 MP: 5/15
 28486 | D:15     | Reached skill level 16 in Fighting
 28786 | D:15     | Found a staircase to the Depths.
 29102 | D:15     | Reached skill level 17 in Fighting
 29443 | D:15     | Found the +12 glaive of Prune {freeze, Prune}
 29716 | D:15     | Upgraded the game from 0.30-a0-965-g42e074c17a to
                  | 0.30-a0-972-gf3ab3527aa
 29857 | Elf:1    | Entered Level 1 of the Elven Halls
 30161 | Elf:1    | Received a gift from Trog
 30294 | Elf:1    | Gained mutation: You have large cloven feet. [potion of
                  | mutation]
 30294 | Elf:1    | Gained mutation: You are strong-willed. (Will+) [potion of
                  | mutation]
 30294 | Elf:1    | Gained mutation: Armour fits poorly on your strangely
                  | shaped body. [potion of mutation]
 30294 | Elf:1    | Gained mutation: You are robust. (+10% HP) [potion of
                  | mutation]
 30295 | Elf:1    | Lost mutation: You are strong-willed. (Will+) [potion of
                  | mutation]
 30295 | Elf:1    | Lost mutation: Armour fits poorly on your strangely shaped
                  | body. [potion of mutation]
 30295 | Elf:1    | Lost mutation: You are robust. (+10% HP) [potion of
                  | mutation]
 30295 | Elf:1    | Gained mutation: Your movements are slightly less
                  | encumbered by armour. (ER -2) [potion of mutation]
 30295 | Elf:1    | Gained mutation: Your flesh is cold resistant. (rC+)
                  | [potion of mutation]
 30295 | Elf:1    | Gained mutation: You expend magic power (3 MP) to
                  | strengthen your wands. [potion of mutation]
 30296 | Elf:1    | Lost mutation: Your movements are slightly less encumbered
                  | by armour. (ER -2) [potion of mutation]
 30296 | Elf:1    | Lost mutation: You have large cloven feet. [potion of
                  | mutation]
 30296 | Elf:1    | Lost mutation: You expend magic power (3 MP) to strengthen
                  | your wands. [potion of mutation]
 30296 | Elf:1    | Gained mutation: You are partially covered in large bone
                  | plates. (SH +4) [potion of mutation]
 30297 | Elf:1    | Lost mutation: Your flesh is cold resistant. (rC+) [potion
                  | of mutation]
 30297 | Elf:1    | Lost mutation: You are partially covered in large bone
                  | plates. (SH +4) [potion of mutation]
 30297 | Elf:1    | Gained mutation: You have a pair of large horns on your
                  | head. [potion of mutation]
 30297 | Elf:1    | Gained mutation: Your flesh is heat resistant. (rF+)
                  | [potion of mutation]
 30682 | Elf:1    | Reached skill level 18 in Fighting
 30829 | Orc:2    | Bought a glowing battleaxe for 304 gold pieces
 32379 | Elf:2    | Identified the +5 falchion "Efuqiely" {vamp, rC+ Str+3
                  | Int+2 Dex-2}
 32660 | Elf:2    | Reached skill level 19 in Fighting
 32775 | Elf:2    | Reached skill level 5 in Evocations
 32840 | Elf:2    | Reached ****** piety under Trog
 33203 | Elf:2    | Received a gift from Trog
 33204 | Elf:2    | Reached XP level 17. HP: 162/168 MP: 5/16
 33488 | Elf:2    | Found a runed translucent gate.
 33492 | Elf:2    | Found a runed translucent gate.
 33492 | Elf:2    | Found a runed translucent gate.
 34292 | Elf:3    | Entered Level 3 of the Elven Halls
 34617 | Elf:3    | Found Sietenero's General Store.
 34626 | Elf:3    | Bought a scroll of enchant weapon for 127 gold pieces
 34729 | Elf:3    | Paralysed by an air elemental for 1 turns
 34858 | Elf:3    | Found Sujic Laal's Armour Shop.
 35344 | Elf:3    | Found Xuiruxeoba's Antique Armour Boutique.
 35379 | Elf:3    | Found Uwnukipn's Antique Weapon Emporium.
 35742 | Elf:3    | Noticed a deep elf master archer
 35742 | Elf:3    | Noticed a deep elf master archer
 35747 | Elf:3    | Killed a deep elf master archer
 36161 | Elf:3    | Killed a deep elf master archer
 37633 | Elf:3    | Reached skill level 5 in Stealth
 39715 | Elf:3    | Identified the +8 falchion "Hydrabane" {pain, rElec rN+
                  | Str-3 Dex+2}
 39861 | Elf:3    | Bought the +2 pair of gloves of the Imp {rN+ Slay+3} for
                  | 497 gold pieces
 39958 | Elf:3    | Identified the +2 ring mail "Kynomm" {rElec rCorr Int+3
                  | Stlth-}
 39959 | Elf:3    | Identified the +0 fire dragon scales of Greed {+Blink rF++
                  | rC- rCorr}
 39978 | Elf:3    | Noticed a deep elf master archer
 39983 | Elf:3    | Killed a deep elf master archer
 39988 | Elf:3    | Killed a ghostly deep elf master archer
 39993 | Elf:3    | Identified the +4 short sword of the Crypt {drain, +Blink
                  | rF+ Dex+4}
 41294 | Elf:3    | Noticed a deep elf blademaster
 41301 | Elf:3    | Killed a deep elf blademaster
 41851 | Elf:3    | Noticed a Tzitzimitl
 41974 | Elf:3    | Identified the staff of earth "Uru Enno" {rCorr Dex+3}
 42201 | Elf:3    | Identified the +2 leather armour "Buvial" {rN+}
 42465 | Swamp:1  | Entered Level 1 of the Swamp
 42739 | Swamp:1  | Identified the +5 battleaxe of Defence {elec, rCorr}
 43188 | Swamp:2  | Reached XP level 18. HP: 116/178 MP: 17/17
 43570 | Swamp:2  | HP: 7/178 [ghoul (19)]
 43571 | Swamp:2  | Slain by a ghoul

Illustrated notes

Levels and vault maps discovered:
D:1:      minmay_arrival_jagged, layout_basic, minmay_distorted
D:2:      layout_basic
D:3:      layout_loops_cross, kennysheep_vampire_church,
          hellmonk_ecumenical_altar_arch_garden
D:4:      layout_basic, minmay_temple_entry_drinking_statues,
          ebering_ghost_sewer_d
D:5:      layout_loops_ring, mainiacjoe_overflow_24_doors,
          gammafunk_ghost_gnarly_gnolls, uniq_eustachio, uniq_pikel
D:6:      layout_rooms, uniq_sigmund
D:7:      lemuel_insect_pit, layout_basic, serial_shops, shop, enter_bailey_2,
          minmay_misc_feat_doors
D:8:      layout_basic, elyvilon_altar_1
D:9:      layout_stronghold, serial_shops, nicolae_shop_trees
D:10:     layout_loops_ring, mainiacjoe_overflow_concentric_impassable,
          old_standard_altar, orc_0_dummy, uniq_grum
D:11:     layout_irregular_city, erik_lair_dragon, gauntlet_entry_generic,
          minmay_the_grid_square_5x5_3x3_mashed
          [minmay_the_grid_square_5x5_broken_cross,
          minmay_the_grid_square_5x5_hourglass,
          minmay_the_grid_square_5x5_two_walls_b,
          minmay_the_grid_square_5x5_inner_i,
          minmay_the_grid_square_5x5_megaprize_diamond,
          minmay_the_grid_square_5x5_inverted_slash,
          minmay_the_grid_square_5x5_two_walls_a,
          minmay_the_grid_square_5x5_inner_z, minmay_the_grid_square_5x5_six]
D:12:     layout_loops_ring, nicolae_shop_sticking_my_neck_out
D:13:     layout_stronghold, nicolae_trove_entry_diagonal,
          okawaru_altar_gauntlet_db, uniq_sonja
D:14:     layout_basic, grunt_vaults_entry_tiered, special_room
          [special_room_mythical_zoo]
D:15:     gammafunk_depths_entry_grave, layout_basic,
          chequers_serial_rivers_micro_e, minmay_guarded_unrand_prune
Lair:1:   layout_big_grid, gammafunk_ghost_grave, serial_forest,
          infiniplex_forest_end_1, infiniplex_forest_corner_2,
          infiniplex_forest_straight_4, infiniplex_forest_lined_room_3,
          infiniplex_forest_clump_large, infiniplex_forest_lined_ring,
          serial_bayou_crossing, infiniplex_staircase_pool_2, uniq_amaemon
Lair:2:   layout_regular_city, grunt_megastairs_1
Lair:3:   layout_regular_city, swamp_mist, nicolae_spider_entry_non_spiders,
          uniq_kirke
Lair:4:   layout_cave_pods, slime_entry_1, basic_altar
Lair:5:   hangedman_lair_caniforms_friends, layout_cave_pods, special_room
          [special_room_bee], st_stairs_5, minmay_lindwurm_lava
Swamp:1:  layout_basic_swamp, hangedman_swamp_ruin_hall, swamp_pool3
Swamp:2:  layout_falls_marsh, serial_swamp_ruin, evilmike_swamp_ruin_house_3,
          evilmike_swamp_ruin_house_1, swamp_pool1
Orc:1:    layout_caves, basic_altar
Orc:2:    grunt_orc_gardens, layout_diamond_mine, grunt_orc_garden,
          grunt_orc_garden, grunt_orc_garden, grunt_orc_garden
Elf:1:    minmay_elf_arrival_circle, layout_loops_cross,
          hangedman_elf_represent, library_closet, minmay_misc_feat_columns
Elf:2:    nicolae_elf_blades_crystal_corner, layout_geoelf_diagonals
Elf:3:    nooodl_elf_gasket, layout_loops_corners, serial_shops,
          nicolae_shop_statue_plus, nicolae_shop_hallway_plus, shop_fountains,
          shop_fountains, drop_trap, glass_columns_a

Skill      XL: |  1  2  3  4  5  6  7  8  9 10 11 12 13 14 15 16 17 |
---------------+----------------------------------------------------+-----
Fighting       | 4 5 6 7 8 9 10 11 12 13 15 19 | 19.9
Stealth        | 1 2 4 6 |  6.3
Axes           | 4 5 6 7 8 10 12 13 15 16 17 18 | 18.9
Maces & Flails | 2 3 4 6 7 9 10 11 | 11.8
Ranged Weapons | 2 4 6 8 9 11 12 14 16 18 | 18.0
Dodging        | 5 7 9 11 13 14 | 14.4
Armour         | 4 6 7 9 |  9.9
Evocations     | 2 4 5 7 |  7.1

Action                     |  1- 3 |  4- 6 |  7- 9 | 10-12 | 13-15 | 16-18 || total
---------------------------+-------+-------+-------+-------+-------+-------++-------
  Melee: Hand axe          |    17 |       |       |       |       |       ||    17
         Headbutt          |     9 |    13 |    46 |    77 |   157 |    52 ||   354
         War axe           |    54 |       |    74 |   381 |       |       ||   509
         Mace              |     1 |       |       |       |       |       ||     1
         Demon whip        |    10 |    70 |    93 |       |       |       ||   173
         Spear             |       |       |    39 |       |       |       ||    39
         Punch             |       |       |     3 |     4 |     6 |     4 ||    17
         Broad axe         |       |       |       |    19 |   681 |   241 ||   941
         Unarmed           |       |       |       |       |     4 |       ||     4
         Executioner's axe |       |       |       |       |       |    39 ||    39
         Battleaxe         |       |       |       |       |       |    33 ||    33
   Fire: Sling             |       |    16 |    27 |       |       |       ||    43
         Shortbow          |       |       |       |    50 |       |       ||    50
         Longbow           |       |       |       |    34 |   534 |       ||   568
         Arbalest          |       |       |       |       |    85 |   404 ||   489
  Throw: Boomerang         |       |       |     3 |     7 |     5 |    17 ||    32
         Dart              |       |       |     1 |       |    17 |       ||    18
 Invoke: Berserk           |     1 |       |     1 |    12 |     5 |       ||    19
         Trog's Hand       |       |     1 |     4 |    23 |    21 |    34 ||    83
         Brothers in Arms  |       |       |       |       |     2 |     1 ||     3
  Evoke: Wand              |       |       |     3 |    16 |    10 |     2 ||    31
         Condenser vane    |       |       |       |       |     1 |     3 ||     4
    Use: Scroll            |     3 |     2 |       |    26 |    19 |    11 ||    61
         Potion            |       |       |       |     1 |     2 |     5 ||     8
   Stab: Sleeping          |       |       |     6 |     1 |       |       ||     7
         Paralysed         |       |       |       |     2 |     2 |       ||     4
         Distracted        |       |       |       |       |     1 |       ||     1
 Armour: Animal skin       |     1 |       |       |       |       |       ||     1
         Scale mail        |    37 |    47 |       |       |       |       ||    84
         Skin              |       |       |    33 |       |       |       ||    33
         Leather armour    |       |       |    35 |       |       |       ||    35
         Pearl dragon scal |       |       |    42 |   210 |   165 |   126 ||   543
         Plate armour      |       |       |       |       |   156 |    37 ||   193
  Dodge: Dodged            |    53 |    39 |   111 |   269 |   456 |   210 ||  1138
  Block: Kite shield       |       |       |    11 |       |       |       ||    11
         Other             |       |       |       |     2 |   163 |    76 ||   241
         Reflection        |       |       |       |       |     1 |    19 ||    20

Table legend: (Time is in decaauts)
 A = Elapsed time spent in this place.
 B = Non-inter-level travel time spent in this place.
 C = Inter-level travel time spent in this place.
 D = Time resting spent in this place.
 E = Time spent auto-exploring this place.
 F = Levels seen in this place.
 G = Mean time per level.
                   A        B        C        D        E       F      G
               +--------+--------+--------+--------+--------+-----+--------+
         Total |  43687 |  41573 |   2114 |  16224 |  18194 |  29 | 1506.4 |
       Dungeon |  18141 |  17204 |    937 |   3845 |  10561 |  15 | 1209.4 |
          Lair |   6893 |   6556 |    337 |   1177 |   3874 |   5 | 1378.6 |
         Swamp |   1145 |   1133 |     12 |    260 |    652 |   2 |  572.5 |
  Orcish Mines |   4303 |   4163 |    140 |   2778 |    894 |   2 | 2151.5 |
   Elven Halls |  12313 |  11627 |    686 |   7835 |   2117 |   3 | 4104.3 |
        Bailey |    576 |    576 |      0 |    211 |     89 |   1 |  576.0 |
      Gauntlet |    314 |    314 |      0 |    114 |      6 |   1 |  314.0 |
               +--------+--------+--------+--------+--------+-----+--------+

Top non-repeatable levels by time:
   Elf:3: 7088 daAuts
   Orc:2: 3324 daAuts
   Elf:2: 3167 daAuts
    D:15: 3081 daAuts
   Elf:1: 2057 daAuts
  Lair:5: 1927 daAuts
    D:14: 1656 daAuts
    D:10: 1585 daAuts
    D:11: 1522 daAuts
     D:9: 1465 daAuts
     D:5: 1410 daAuts
  Lair:1: 1327 daAuts
    D:13: 1327 daAuts
  Lair:3: 1272 daAuts
  Lair:4: 1253 daAuts
